Map: Moonlight Madness LE (Void)

Players

gooseman

  • Race: Terran Terran
  • League: Platinum

Javert - Winner!

  • Race: Zerg Zerg
  • League: Platinum

VOD

Have the link to the VOD?

Description

Time

  • Played on: Aug. 21, 2015, 12:49 a.m.
  • Length: 9:32
Show
View Real Time Build Order
Export as new Build Order

gooseman Terran 

Build Orders: Reaper Expand, Mech 

Get SALT Encoding   

  12  0:01  SCV  
  13  0:13  SCV  
  14  0:21  Supply Depot  
  14  0:25  SCV  
  15  0:42  SCV  
  16  0:43  Barracks  
  16  0:47  Refinery  
  16  0:54  SCV  
  17  1:09  SCV  
  18  1:21  SCV  
  19  1:30  Reaper  
  20  1:34  Orbital Command  
  20  1:50  Command Center  
  20  1:54  Supply Depot  
  20  2:00  SCV  
  21  2:03  Reaper  
  22  2:13  SCV  
  22  2:15  Refinery  
  23  2:27  SCV, Bunker  
  24  2:35  Factory  
  24  2:40  SCV  
  24  2:42  Reaper  
  26  2:53  SCV  
  26  3:05  SCV  
  27  3:08  Orbital Command  
  27  3:11  Bunker  
  27  3:15  Barracks Reactor  
  27  3:17  SCV  
  28  3:20  Factory Tech Lab  
  28  3:31  SCV  
  29  3:35  SCV  
  30  3:42  Supply Depot  
  30  3:45  Siege Tank  
  30  3:47  SCV  
  34  3:48  SCV  
  34  3:53  Marine x2  
  37  3:59  SCV  
  37  4:01  SCV  
  37  4:15  SCV x2  
  37  4:16  Widow Mine  
  38  4:26  Marine x2  
  38  4:30  Supply Depot  
  40  4:39  SCV  
  41  4:45  SCV  
  41  4:47  Refinery  
  41  4:48  Refinery, Marine x2  
  41  4:52  SCV  
  45  4:54  Armory  
  45  4:58  SCV  
  46  5:01  Supply Depot  
  46  5:04  SCV  
  47  5:14  Marine x2  
  47  5:16  SCV  
  47  5:18  SCV  
  51  5:25  Supply Depot  
  51  5:28  SCV  
  52  5:30  SCV  
  52  5:33  Engineering Bay  
  52  5:34  Marine  
  52  5:35  Marine  
  55  5:40  SCV  
  56  5:46  SCV  
  57  5:52  SCV  
  57  5:53  Starport, Terran Vehicle Weapons Level 1  
  58  5:57  Armory  
  58  5:59  SCV  
  59  6:04  SCV  
  59  6:05  Missile Turret  
  59  6:10  Marine x2  
  59  6:11  SCV  
  63  6:23  Missile Turret  
  63  6:27  SCV  
  63  6:30  Factory  
  63  6:32  Missile Turret, Marine x2  
  64  6:35  Viking  
  64  6:39  SCV  
  69  6:43  Siege Tank  
  69  6:45  SCV  
  73  6:49  Terran Vehicle And Ship Armor Level 1  
  73  6:59  SCV  
  74  7:03  SCV  
  74  7:06  Factory  
  75  7:16  Command Center  
  75  7:22  SCV x2  
  77  7:26  Sensor Tower, Liberator  
  77  7:34  SCV  
  77  7:35  SCV, Missile Turret  
  82  7:47  Hellion  
  82  7:48  Hellion  
  86  8:00  SCV x2  
  86  8:09  Cyclone  
  86  8:10  Factory Tech Lab  
  76  8:33  Cyclone  
  68  8:35  Widow Mine x2  
  68  8:38  SCV  
  69  8:45  Cyclone  
  44  9:03  Widow Mine  
Show
View Real Time Build Order
Export as new Build Order

Javert Zerg - Winner!

Build Orders: Hatch First 

Get SALT Encoding   

  12  0:01  Drone  
  13  0:13  Overlord  
  13  0:20  Drone  
  14  0:32  Drone x2  
  16  0:36  Drone  
  17  0:55  Hatchery  
  17  0:57  Drone  
  17  0:58  Extractor  
  17  1:02  Drone  
  17  1:08  Drone  
  18  1:19  Spawning Pool  
  18  1:23  Drone  
  18  1:29  Drone  
  19  1:40  Drone  
  20  1:52  Drone  
  21  2:03  Overlord  
  21  2:11  Metabolic Boost  
  21  2:12  Queen  
  21  2:13  Queen  
  21  2:15  Zergling x4  
  27  2:26  Zergling x4  
  29  2:32  Spore Crawler  
  28  2:57  Drone x3  
  31  3:07  Queen x2  
  31  3:10  Drone  
  31  3:11  Overlord  
  36  3:16  Overlord  
  36  3:30  Drone x3  
  36  3:32  Hatchery  
  38  3:44  Drone x4  
  42  3:53  Drone x4  
  46  4:00  Overlord  
  46  4:08  Lair  
  46  4:10  Extractor  
  43  4:26  Drone x5  
  47  4:33  Overlord  
  47  4:36  Roach Warren  
  46  4:39  Overlord  
  46  4:40  Extractor x2  
  44  4:48  Drone x2, Spine Crawler  
  44  4:49  Drone x4  
  49  5:01  Evolution Chamber  
  49  5:04  Drone x4  
  49  5:05  Drone x3  
  55  5:15  Overlord  
  55  5:16  Drone x2  
  57  5:21  Glial Reconstitution  
  57  5:31  Zerg Missile Weapons Level 1  
  57  5:33  Drone x5  
  57  5:34  Drone x2  
  64  5:41  Overlord x2  
  64  5:46  Drone x2  
  64  5:47  Evolution Chamber  
  65  5:56  Roach x5  
  75  6:01  Roach  
  75  6:02  Roach x4  
  85  6:09  Roach x2  
  89  6:13  Zerg Ground Armor Level 1  
  89  6:18  Hydralisk Den  
  89  6:20  Roach  
  89  6:21  Roach x2  
  89  6:24  Burrow  
  94  6:31  Overlord x2  
  94  6:32  Drone x2  
  96  6:33  Drone x5  
  96  6:35  Extractor  
  96  6:36  Extractor  
  99  6:43  Overlord x3  
  99  6:48  Overseer  
  99  6:52  Muscular Augments  
  99  6:54  Drone x4  
  99  6:55  Drone  
  105  7:01  Drone  
  105  7:13  Overlord x2  
  105  7:14  Drone x4  
  109  7:17  Hydralisk x2  
  113  7:28  Drone x4  
  113  7:29  Overlord  
  117  7:39  Ravager x6  
  117  7:40  Ravager x3  
  117  7:42  Drone x6  
  132  7:48  Overlord  
  132  7:50  Hatchery  
  131  7:51  Hydralisk, Extractor  
  131  7:52  Extractor  
  131  7:55  Lurker Den  
  131  8:02  Hydralisk  
  131  8:03  Hydralisk x4  
  141  8:06  Overlord x2  
  141  8:15  Overlord x2  
  132  8:32  Roach x9  
  143  8:40  Overlord  
  143  8:41  Overlord  
  140  8:42  Drone x3  
  138  9:03  Roach  
  138  9:05  Roach x2  
  138  9:06  Roach x4  
  138  9:20  Drone x4  
  138  9:24  Infestation Pit  
Tags
 
Add a new tag
Caveats
  • Supply blocks, unpowered buildings, or Contaminate may cause inaccurate times.
  • Supply counts are checked every 10 seconds.